 Dungeon Crawl Stone Soup version 0.31-a0-1165-g196b491b36 (webtiles) character file.

Game seed: 1018032190425324003

636 Crabhammer the Magician (level 7, 0/41 HPs)
             Began as an Octopode Hedge Wizard on Dec 10, 2023.
             Slain by an ice beast (3 damage)
             ... on level 4 of the Dungeon.
             The game lasted 00:22:54 (5042 turns).

Crabhammer the Magician (Octopode Hedge Wizard)     Turns: 5042, Time: 00:22:54

Health: 0/41       AC:  1    Str: 10    XL:     7   Next: 50%
Magic:  8/14       EV: 13    Int: 16    God:
Gold:   231        SH:  0    Dex: 13    Spells: 8/16 levels left

rFire   . .          .
                       - Unarmed
rCold   + . .        (no shield)
rNeg    . . .        b - +0 hat
rPois   .            (no amulet)
rElec   .            h - ring of protection from cold
rCorr   .            (no ring)
SInv    .            (no ring)
Will    .....        (no ring)
Stlth   +++          (no ring)
HPRegen 0.26/turn    (no ring)
MPRegen 0.14/turn    (no ring)
                     (no ring)

%: no passive effects
@: about to teleport
A: almost no armour, amphibious, 8 rings, camouflage 1, gelatinous body 1,
(nimble swimmer 1), tentacles
a: no special abilities


You were on level 4 of the Dungeon.
You visited 1 branch of the dungeon, and saw 4 of its levels.

You collected 231 gold pieces.

Inventory:

Hand Weapons
 a - a +1 dagger
Missiles
 p - 2 throwing nets
Armour
 b - a +0 hat (worn)
Jewellery
 h - a ring of protection from cold (left tentacle)
Talismans
 o - a flux talisman
Wands
 n - a wand of roots (4)
Scrolls
 d - a scroll of brand weapon {unknown}
 f - 2 scrolls of identify
 g - a scroll of teleportation
 l - a scroll of fog {unknown}
 m - a scroll of poison {unknown}
 q - a scroll of amnesia {unknown}
Potions
 c - a potion of magic
 e - a potion of mutation
 i - a potion of enlightenment {unknown}
 j - 4 potions of curing {unknown}
 k - a potion of haste {unknown}


   Skills:
 - Level 2.0 Dodging
 - Level 2.6 Stealth
 * Level 3.8 Unarmed Combat
 - Level 5.0 Spellcasting
 + Level 2.3 Conjurations
 - Level 3.9 Summonings
 - Level 1.0 Translocations
 * Level 2.1 Poison Magic


You had 8 spell levels left.
You knew the following spells:

 Your Spells              Type           Power      Damage    Failure   Level
a - Magic Dart            Conj           44%        1d5       6%          1
b - Blink                 Tloc           14%        N/A       16%         2
c - Call Imp              Summ           32%        N/A       4%          2
d - Mephitic Cloud        Conj/Pois/Air  8%         N/A       24%         3

Your spell library contained the following spells:

 Spells                   Type           Power      Damage    Failure   Level
 Slow                     Hex            16%        N/A       16%         1
 Lesser Beckoning         Tloc           14%        N/A       16%         2
 Cigotuvi's Dreadful Rot  Necr/Pois/Air  12%        N/A       17%         2
 Gell's Gravitas          Tloc           7%         N/A       30%         3
 Teleport Other           Tloc           7%         N/A       30%         3


Dungeon Overview and Level Annotations

Branches:
Dungeon (4/15)
 Temple: D:4-7

Altars:
Trog
Yredelemnul

Annotations:
D:2 Sigmund


Innate Abilities, Weirdness & Mutations

You cannot wear most types of armour.
You are amphibious.
You can wear up to eight rings at the same time.
Your skin changes colour to match your surroundings (Stealth+).
Your rubbery body absorbs attacks. (AC +1, EV +1)
((You are camouflaged when in or above water. (Stealth+)))
You have tentacles for arms and can constrict up to eight enemies at once.


Message History

You tentacle-slap the ice beast but do no damage.
The ice beast is lightly wounded.
Your cerulean imp barely misses the ice beast.
The ice beast hits you. The ice beast freezes you. You resist.
Unknown command.
You tentacle-slap the ice beast.
The ice beast is lightly wounded.
Your cerulean imp barely misses the ice beast.
Unknown command.
You tentacle-slap the ice beast. Your squeeze misses the ice beast.
The ice beast is moderately wounded.
The ice beast hits you. The ice beast freezes you. You resist.
Your cerulean imp hits the ice beast but does no damage.
You closely miss the ice beast. You tentacle-slap the ice beast.
You squeeze the ice beast.
The ice beast is heavily wounded.
The ice beast hits you. The ice beast freezes you. You resist.
Your cerulean imp barely misses the ice beast.
Your magical contamination has completely faded away.
The ice beast attacks as it pursues you!
The ice beast hits you. The ice beast freezes you. You resist.
Your cerulean imp hits the ice beast from afar with a -3 spear.
Press: ? - help, v - describe, . - travel
Here: an ice beast (heavily wounded, ally target)
The floor.
Unknown command.
As you read the scroll of teleportation, it crumbles to dust.
You feel strangely unstable. The ice beast closely misses you.
Your cerulean imp hits the ice beast but does no damage.
The ice beast attacks as it pursues you!
The ice beast hits you.
* * * LOW HITPOINT WARNING * * *
The ice beast freezes you. You resist.
* * * LOW HITPOINT WARNING * * *
Your cerulean imp barely misses the ice beast.
The ice beast attacks as it pursues you!
The ice beast hits you.
* * * LOW HITPOINT WARNING * * *
The ice beast freezes you. You resist.
You die...

#.# ..# .##
######### .#
#.......#
.##
#.#####.#
#.## #.# #.#
##.# #)# #.#
#..#######.#
#.#
...........#
#@#####
.#.#########
#.Y...# ...#
#####5# #.##
##.### #)#
#..5.# #.#
#.....# #.#
#......# #.#
...##†..#
..# ...##
#...#


You could see an ice beast (ally target) and a friendly cerulean imp (summoned).

Vanquished Creatures
  2 ogres (D:4)
  A centaur (D:3)
  An orc priest (D:4)
  An iguana (D:4)
  Natasha (thrice) (D:2)
  The ghost of Skryme the Sneak, a weakling HODe of Okawaru (D:4)
  3 gnolls (D:4)
  3 adders
  3 worms
  2 dart slugs
  3 orcs (D:4)
  A bat (D:2)
  4 endoplasms
  2 giant cockroaches
  3 goblins
  13 hobgoblins
  9 jackals (D:1)
  4 quokkas
  3 ball pythons
  A frilled lizard (D:3)
  3 kobolds
  9 rats
75 creatures vanquished.

Vanquished Creatures (collateral kills)
  A centaur zombie (D:4)
  4 gnolls (D:4)
  An adder (D:4)
  An adder zombie (D:4)
  2 endoplasms (D:4)
  2 giant cockroaches (D:4)
  A hobgoblin (D:3)
  2 ball pythons
14 creatures vanquished.

Grand Total: 89 creatures vanquished

Notes
Turn   | Place    | Note
-------+----------+-------------------------------------------
     0 | D:1      | Crabhammer the Octopode Hedge Wizard began the quest for
                  | the Orb.
     0 | D:1      | Reached XP level 1. HP: 11/11 MP: 4/4
   101 | D:1      | Reached skill level 1 in Unarmed Combat
   201 | D:1      | Reached XP level 2. HP: 17/17 MP: 4/6
   204 | D:1      | Learned a level 2 spell: Blink
   207 | D:1      | Learned a level 2 spell: Call Imp
   425 | D:1      | Reached XP level 3. HP: 21/21 MP: 0/7
   901 | D:2      | Noticed Sigmund
  1002 | D:2      | Noticed Natasha
  1007 | D:2      | Killed Natasha
  1008 | D:2      | Reached XP level 4. HP: 17/27 MP: 9/9
  1040 | D:2      | Noticed Natasha
  1047 | D:2      | Killed Natasha
  1048 | D:2      | Reached skill level 4 in Spellcasting
  1084 | D:2      | Noticed Natasha
  1091 | D:2      | Killed Natasha
  1585 | D:2      | Reached XP level 5. HP: 31/31 MP: 8/11
  1984 | D:3      | Found a bloodstained altar of Trog.
  2425 | D:3      | Noticed a centaur
  2433 | D:3      | Killed a centaur
  2434 | D:3      | Reached skill level 5 in Spellcasting
  2434 | D:3      | Reached XP level 6. HP: 18/36 MP: 9/13
  3217 | D:3      | Learned a level 3 spell: Mephitic Cloud
  3695 | D:4      | Found a runed translucent gate.
  3695 | D:4      | Found a runed translucent gate.
  3695 | D:4      | Found a runed translucent gate.
  3695 | D:4      | Noticed Skryme's ghost (weakling HODe)
  3697 | D:4      | Found a basalt altar of Yredelemnul.
  3936 | D:4      | Killed Skryme's ghost
  4656 | D:4      | Reached skill level 1 in Poison Magic
  4656 | D:4      | Reached XP level 7. HP: 41/41 MP: 6/14
  5042 | D:4      | Slain by an ice beast

Illustrated notes

Levels and vault maps discovered:
D:1:      spicycebolla_green_bress_n_ham_2, layout_basic
D:2:      layout_basic, grunt_decor_clamped, grunt_decor_arrowhead,
          uniq_sigmund, uniq_natasha
D:3:      layout_loops_corners, mainiacjoe_overflow_concentric_impassable
D:4:      minmay_general_purpose_star, layout_loops_ring,
          nicolae_yredelemnul_ghost_church, minmay_temple_entry_offerings,
          serial_library_hellmonk_big_corner

Skill      XL: |  1  2  3  4  5  6  7 |
---------------+----------------------+-----
Unarmed Combat | 1 2 3 |  3.8
Spellcasting   | 4 5 |  5.0
Summonings     | 2 3 |  3.9
Poison Magic   | 1 2 |  2.1
Conjurations   | 2 |  2.3
Dodging        | |  2.0
Stealth        | |  2.6
Translocations | |  1.0

Action                     |  1- 3 |  4- 6 |  7- 9 || total
---------------------------+-------+-------+-------++-------
  Melee: Dagger            |    39 |    75 |       ||   114
         Tentacles         |    10 |    23 |     2 ||    35
         Constrict         |    10 |    21 |     2 ||    33
         Punch             |       |     3 |     1 ||     4
         Unarmed           |       |    19 |    10 ||    29
   Cast: Magic Dart        |    32 |    98 |    17 ||   147
         Call Imp          |     1 |    32 |     7 ||    40
    Use: Scroll            |     3 |       |     1 ||     4
   Stab: Sleeping          |     4 |     4 |       ||     8
         Distracted        |       |     1 |       ||     1
 Armour: Skin              |    11 |    60 |     7 ||    78
  Dodge: Dodged            |    30 |    74 |     4 ||   108

Table legend: (Time is in decaauts)
 A = Elapsed time spent in this place.
 B = Non-inter-level travel time spent in this place.
 C = Inter-level travel time spent in this place.
 D = Time resting spent in this place.
 E = Time spent auto-exploring this place.
 F = Levels seen in this place.
 G = Mean time per level.
                   A        B        C        D        E       F      G
               +--------+--------+--------+--------+--------+-----+--------+
         Total |   5042 |   4714 |    328 |   1531 |   1627 |   4 | 1260.5 |
       Dungeon |   5042 |   4714 |    328 |   1531 |   1627 |   4 | 1260.5 |
               +--------+--------+--------+--------+--------+-----+--------+

Top non-repeatable levels by time:
     D:4: 1629 daAuts
     D:3: 1399 daAuts
     D:2: 1096 daAuts
     D:1: 917 daAuts
